 Dungeon Crawl Stone Soup version 0.21.1-72-gffa868e0fe (webtiles) character file.

139101 3rdEnemy the Markscentaur (level 16, -4/132 HPs)
             Began as a Centaur Hunter on Aug 3, 2018.
             Was the Champion of Okawaru.
             Killed from afar by a lindwurm (26 damage)
             ... with a blast of flame
             ... summoned by Kirke
             ... on level 3 of the Shoals.
             The game lasted 01:56:25 (33388 turns).

3rdEnemy the Markscentaur (Centaur Hunter)         Turns: 33388, Time: 01:56:25

Health: -4/132     AC:  0    Str: 20    XL:     16   Next: 72%
Magic:  20/20      EV: 17    Int: 10    God:    Okawaru [******]
Gold:   1848       SH:  0    Dex: 12    Spells: 15/15 levels left

rFire    . . .     SeeInvis .   (weapon currently unavailable)
rCold    . . .     Gourm    .   (shield currently unavailable)
rNeg     . . .     Faith    +   (armour currently unavailable)
rPois    .         Spirit   .   (helmet currently unavailable)
rElec    .         Reflect  .   (cloak currently unavailable)
rCorr    .         Harm     .   (gloves currently unavailable)
MR       +....                  (no barding)
Stlth    ++........             y - amulet of faith
HPRegen  0.32/turn              (ring currently unavailable)
MPRegen  0.17/turn              (ring currently unavailable)

@: pig-form, slowed
A: small, frail 1, low mp 1
a: Heroism, Finesse, Renounce Religion


You were on level 3 of the Shoals.
You worshipped Okawaru.
Okawaru was exalted by your worship.
You were not hungry.
You were a filthy swine.
You visited 4 branches of the dungeon, and saw 26 of its levels.
You also visited: Labyrinth.

You collected 2403 gold pieces.
You spent 555 gold pieces at shops.

Inventory:

Hand Weapons
 a - a +5 longbow of flaming (melded)
 b - a +2 arbalest of flaming
 s - a +5 short sword
Missiles
 d - 388 arrows
 q - 166 bolts
Armour
 e - a scarf of spirit shield (melded)
 h - a +2 pair of gloves (melded)
 k - the +6 chain mail of Luonizu {Regen+ SInv}
   (You bought it in a shop on level 5 of the Dungeon)

   It lets you see invisible.
   It increases your rate of regeneration.
 p - the +9 chain mail of Masochism (melded) {rF++ MP+9 Int+3}
   (You found it on level 4 of the Dungeon)

   It affects your intelligence (+3).
   It greatly protects you from fire.
   It affects your magic capacity (+9).
 t - the +3 hat of Pondering (melded) {ponderous, MR+ MP+10 Int+5}
   (You found it on level 4 of the Dungeon)

   It affects your intelligence (+5).
   It affects your resistance to hostile enchantments.
   It affects your magic capacity (+10).
 I - a +0 centaur barding (melded)
 K - the +0 chain mail "Juimuj" {rCorr Str+3 Dex+3, unknown}
   (Okawaru gifted it to you on level 1 of the Shoals)

   It affects your strength (+3).
   It affects your dexterity (+3).
   It protects you from acid and corrosion.
Jewellery
 g - an uncursed ring of see invisible
 o - the ring of the Wild Haggis (melded) {rCorr Int+3}
   (You acquired it on level 6 of the Lair of Beasts)

   [ring of resist corrosion]

   It affects your intelligence (+3).
 v - a ring of poison resistance (melded)
 y - an amulet of faith (around neck)
 A - an uncursed ring of protection from magic
 D - an uncursed ring of protection from magic
 F - an uncursed ring of protection from fire
 R - an uncursed ring of flight {unknown}
 U - an uncursed amulet of regeneration
 V - an uncursed ring of positive energy
Wands
 N - a wand of digging (19)
Scrolls
 c - 11 scrolls of remove curse
 n - 5 scrolls of blinking
 r - 16 scrolls of identify
 u - 12 scrolls of teleportation
 w - 8 scrolls of enchant armour
 B - 7 scrolls of fog
 C - 7 scrolls of magic mapping
 E - 4 scrolls of torment
 G - 4 scrolls of fear
 Q - a scroll of holy word
 X - a scroll of summoning
Potions
 j - 2 potions of lignification
 l - a potion of berserk rage
 m - 4 potions of haste
 z - 2 potions of might
 H - a potion of resistance
 L - 3 potions of agility
 M - a potion of heal wounds
 O - a potion of cancellation
 W - a potion of ambrosia
 Y - 2 potions of flight
 Z - a potion of magic
Books
 x - a Young Poisoner's Handbook

   Spells                             Type                      Level
   a - Sting                          Conjuration/Poison           1
   b - Poisonous Vapours              Poison/Air                   2
   c - Mephitic Cloud                 Conjuration/Poison/Air       3
   d - Olgreb's Toxic Radiance        Poison                       4
   e - Venom Bolt                     Conjuration/Poison           5
 J - a book of the Earth

   Spells                             Type                      Level
   a - Leda's Liquefaction            Hexes/Earth                  4
   b - Bolt of Magma                  Conjuration/Fire/Earth       5
   c - Statue Form                    Transmutation/Earth          6
   d - Iron Shot                      Conjuration/Earth            6
   e - Shatter                        Earth                        9
 P - a book of Geomancy

   Spells                             Type                      Level
   a - Sandblast                      Earth                        1
   b - Passwall                       Transmutation/Earth          2
   c - Stone Arrow                    Conjuration/Earth            3
   d - Petrify                        Transmutation/Earth          4
   e - Lee's Rapid Deconstruction     Earth                        5
Comestibles
 f - 40 rations


   Skills:
 + Level 14.4 Fighting
 + Level 20.0 Bows
 + Level 12.1 Crossbows
 + Level 11.1 Armour
 - Level 6.0 Dodging
 - Level 1.0 Stealth
 + Level 8.6 Invocations


You had 15 spell levels left.
You didn't know any spells.

Dungeon Overview and Level Annotations

Branches:
Dungeon (15/15)            Temple (1/1) D:5            Lair (6/6) D:10
 Shoals (4/4) Lair:2        Snake (0/4) Lair:2        Slime (0/5) Lair:5
    Orc (0/2) D:10         Vaults (0/5) D:14         Depths (0/5) D:15

Altars:
Ashenzari
Cheibriados
Dithmenos
Elyvilon
Fedhas
Gozag
Hepliaklqana
Kikubaaqudgha
Makhleb
Nemelex Xobeh
Okawaru
Qazlal
Ru
Sif Muna
Trog
Uskayaw
Vehumet
Wu Jian
Xom
Yredelemnul
Zin
The Shining One

Shops:
D:5 [   D:11 :}!*[

Annotations:
Shoals:4 Kirke


Innate Abilities, Weirdness & Mutations

((You have hooves in place of feet.))
((Armour fits poorly on your strangely shaped body.))
((You cover ground very quickly.))
((You have extremely tough skin. (AC +3)))
((You have a pair of small horns on your head.))
You are frail. (-10% HP)
Your magical capacity is low. (-10% MP)


Message History

You climb upwards.
The harpy disappears in a puff of smoke! x3
There is a stone staircase leading down here.
You feel yourself slow down.
You hear some strange, mumbled words.
Something summons a lindwurm!
The lindwurm breathes flames at you. The blast of flame hits you!
You feel as though you will be slow longer.
You enter the shallow water.
Moving in this stuff is going to be slow.
The lindwurm breathes flames at you. The blast of flame hits you!
The lindwurm is engulfed in a cloud of scalding steam.
The lindwurm breathes flames at you. The blast of flame hits you!
* * * LOW HITPOINT WARNING * * *
The lindwurm breathes flames at you. The blast of flame hits you!
You die...

≈≈≈≈≈≈≈≈≈≈≈≈≈≈≈≈≈≈≈≈≈≈≈≈≈≈≈≈≈≈≈≈≈
≈≈≈≈≈≈≈≈≈≈≈≈≈≈≈≈≈≈≈≈≈≈≈≈≈≈≈≈≈≈≈≈≈
≈≈≈≈≈≈≈≈≈≈≈≈≈≈≈≈≈≈≈≈≈≈≈≈≈≈≈≈≈≈≈≈≈
≈≈≈≈≈≈≈≈≈≈≈≈≈≈≈≈≈≈≈≈≈≈≈≈≈≈≈≈≈≈≈≈≈
≈≈≈≈≈≈≈≈≈≈≈≈≈≈≈≈≈≈≈≈≈≈≈≈.≈≈≈≈≈≈≈≈
≈≈≈≈≈≈≈≈≈≈≈≈≈≈≈≈≈≈≈≈.≈≈≈≈≈≈≈≈≈≈≈≈
≈≈≈≈≈≈≈.≈≈≈≈≈..≈≈≈....≈≈≈≈≈≈≈[≈≈≈
≈≈≈≈≈≈≈≈.≈≈≈.#....≈....≈≈≈≈≈≈≈≈≈≈
≈≈≈≈≈≈≈≈.≈≈≈...≈h.......≈≈≈≈≈≈≈≈≈
≈≈≈≈≈≈≈≈≈≈≈≈≈≈≈≈§≈...##.≈≈≈≈≈≈≈≈≈
≈≈≈≈≈≈≈≈≈≈≈≈≈≈≈≈k§≈.....≈≈≈≈≈≈≈≈.
≈≈≈≈≈≈≈≈≈≈≈≈≈≈≈≈≈{≈≈≈≈.≈...≈≈≈≈≈.
≈≈≈≈≈≈≈≈≈≈≈≈≈≈≈≈≈≈≈≈≈≈.....≈≈≈.≈.
≈≈≈≈≈≈≈≈≈≈≈≈≈≈≈≈≈≈≈≈≈≈≈≈≈≈≈≈≈≈≈≈.
≈≈≈≈≈≈≈≈≈≈≈≈≈≈≈≈≈≈(≈≈≈≈≈≈≈≈≈≈≈≈≈.
≈≈≈≈≈≈≈≈≈≈≈≈≈≈≈≈≈≈)≈≈≈≈≈≈≈≈≈≈≈≈≈.
≈≈≈≈≈≈≈≈≈≈≈≈≈≈≈≈≈)[≈≈≈≈≈≈≈≈≈≈≈≈≈.


You could see a lindwurm.

Vanquished Creatures
  Roxanne (Shoals:1)
  The ghost of Kirk the Severer, a journeyman FoEE (D:15)
  A minotaur (Lab)
  3 merfolk impalers (Shoals:3)
  Josephine (Shoals:1)
  The ghost of Orcmeat the Destroyer, a journeyman DEWz of Vehumet (Lair:5)
  8 hydras
  An ice dragon (Lair:1)
  Erolcha (D:10)
  3 catoblepae (Lair:6)
  9 merfolk aquamancers
  2 merfolk avatars (Shoals:1)
  2 alligator snapping turtles
  A satyr (Shoals:3)
  A centaur warrior (D:15)
  4 two-headed ogres
  6 death yaks
  Sonja (Lair:4)
  An iron troll (D:14)
  The ghost of Belius the Thaumaturge, a novice DEWz of Makhleb (D:12)
  10 sea snakes
  An unseen horror (D:9)
  A harpy (shapeshifter) (D:14)
  3 wizards
  4 deep elf magi
  Pikel (D:7)
  A necromancer (D:15)
  4 harpies
  A wolf spider zombie (D:14)
  The ghost of H0rd4k the Cutter, a novice HuAr (D:7)
  10 manticores
  21 fauns
  2 ugly things (D:12)
  6 oklob plants
  2 cyclopes
  9 black mambas
  5 merfolk sirens
  7 water nymphs
  The ghost of Arth the Chopper, a novice MiFi (D:4)
  3 gargoyles
  A naga mage (D:15)
  A torpor snail (Lair:5)
  A guardian serpent (Lair:2)
  7 spiny frogs
  5 rime drakes
  4 komodo dragons
  A yaktaur (D:15)
  4 wind drakes
  16 merfolk
  The ghost of imnir the Covert, a novice SpAs of Dithmenos (D:5)
  A hornet (D:14)
  A polar bear (Lair:6)
  2 trolls
  11 slime creatures (D:14)
  15 blink frogs
  10 snapping turtles
  A centaur simulacrum (D:15)
  17 hippogriffs
  16 water elementals
  68 yaks
  A vampire (D:14)
  2 redbacks (Lab)
  2 shadows
  5 wraiths
  10 wyverns
  3 hogs (Shoals:4)
  4 basilisks
  2 hungry ghosts
  A steam dragon (D:8)
  Menkaure (D:7)
  8 vampire mosquitoes (D:14)
  Edmund (D:4)
  17 water moccasins
  An acid dragon (D:15)
  4 porcupines
  2 hell hounds (D:10)
  2 ice beasts
  3 sky beasts
  A black bear (D:10)
  6 orc warriors
  2 eyes of draining
  5 phantoms
  A necrophage (D:13)
  5 ogres
  6 wolves (Lair:3)
  14 centaurs
  14 crocodiles
  4 big kobolds
  17 bullfrogs
  A gnoll sergeant (D:8)
  A wyvern zombie (D:6)
  2 scorpions
  16 killer bees
  7 wights
  2 electric eels
  6 howler monkeys
  4 crimson imps
  7 centaur zombies
  2 jellies
  4 bullfrog skeletons
  6 orc priests
  7 hounds
  4 centaur skeletons
  Jessica (D:3)
  Natasha (thrice) (D:2)
  4 iguanas
  11 orc wizards
  14 worker ants
  6 hell rats
  A killer bee zombie (D:10)
  A hound zombie (D:8)
  A worker ant zombie (D:7)
  3 gnolls (D:8)
  8 river rats (Lair:6)
  14 adders
  5 shadow imps
  2 oozes
  An adder skeleton (D:4)
  An adder zombie (D:3)
  3 worms
  A dart slug (D:3)
  3 leopard geckos
  60 orcs
  2 ball pythons (D:3)
  2 giant cockroaches
  6 goblins
  5 hobgoblins
  15 jackals
  21 kobolds
  5 quokkas
  7 bats
  4 frilled lizards
  6 rats
  A fungus (Lair:5)
  11 plants
766 creatures vanquished.

Vanquished Creatures (others)
  A slave (D:7)
  A hound (D:8)
  An adder (D:7)
  13 fungi
  12 plants
28 creatures vanquished.

Grand Total: 794 creatures vanquished

Notes
Turn   | Place    | Note
-------+----------+-------------------------------------------
     0 | D:1      | 3rdEnemy the Centaur Hunter began the quest for the Orb.
     0 | D:1      | Reached XP level 1. HP: 17/17 MP: 1/1
   216 | D:1      | Reached XP level 2. HP: 15/24 MP: 2/2
  1064 | D:2      | Noticed Natasha
  1069 | D:2      | Killed Natasha
  1069 | D:2      | Reached skill level 1 in Stealth
  1069 | D:2      | Reached XP level 3. HP: 30/30 MP: 3/3
  1581 | D:2      | Noticed Natasha
  1589 | D:2      | Killed Natasha
  1589 | D:2      | Reached XP level 4. HP: 28/37 MP: 4/4
  2238 | D:3      | Reached skill level 1 in Armour
  2356 | D:3      | Noticed Jessica
  2365 | D:3      | Reached skill level 6 in Bows
  2387 | D:3      | Killed Jessica
  2415 | D:3      | Reached XP level 5. HP: 33/45 MP: 5/5
  3530 | D:4      | Noticed Edmund
  3539 | D:4      | Noticed Arth's ghost (novice MiFi)
  3557 | D:4      | Killed Edmund
  3557 | D:4      | Reached XP level 6. HP: 12/52 MP: 6/6
  3741 | D:4      | Killed Arth's ghost
  3741 | D:4      | Reached skill level 7 in Bows
  3741 | D:4      | Reached XP level 7. HP: 19/60 MP: 7/7
  3810 | D:4      | Found a snail-covered altar of Cheibriados.
  4079 | D:4      | Got a steaming chain mail
  4099 | D:4      | Identified the +9 chain mail of Masochism {rF++ MP+9 Int+3} (You found it on level 4 of the Dungeon)
  4161 | D:4      | Found the +3 hat of Pondering {ponderous, MR+ MP+10 Int+5}
  4255 | D:4      | Found a glowing silver altar of Zin.
  4255 | D:4      | Found a glowing golden altar of the Shining One.
  4256 | D:4      | Found a sparkling altar of Nemelex Xobeh.
  4466 | D:5      | Entered Level 5 of the Dungeon
  4632 | D:5      | Found Ciniet's Antique Armour Shop.
  4849 | D:5      | Got an iridescent war axe
  4850 | D:5      | Identified the cursed +0 war axe of Kismet {chop, rPois Str-5 Dex+2} (You found it on level 5 of the Dungeon)
  4890 | D:5      | Noticed imnir's ghost (novice SpAs)
  4895 | D:5      | Reached skill level 8 in Bows
  5628 | D:5      | Reached skill level 5 in Fighting
  5628 | D:5      | Reached XP level 8. HP: 64/68 MP: 8/8
  5858 | D:5      | Found a staircase to the Ecumenical Temple.
  5864 | Temple   | Entered the Ecumenical Temple
  6122 | D:6      | Found a snail-covered altar of Cheibriados.
  6388 | D:6      | Reached skill level 9 in Bows
  6607 | D:7      | Noticed a hippogriff
  6615 | D:7      | Killed a hippogriff
  6732 | D:7      | Reached XP level 9. HP: 66/75 MP: 9/9
  6890 | D:7      | Found an iron altar of Okawaru.
  7081 | D:7      | Became a worshipper of Warmaster Okawaru
  7186 | D:7      | Noticed Pikel
  7204 | D:7      | Killed Pikel
  7204 | D:7      | Reached * piety under Okawaru
  7204 | D:7      | Reached skill level 10 in Bows
  7204 | D:7      | Reached skill level 5 in Dodging
  7488 | D:7      | Found a shattered altar of Ashenzari.
  7491 | D:7      | Found a deep blue altar of Sif Muna.
  7494 | D:7      | Found a bloodstained altar of Trog.
  7564 | D:7      | Noticed H0rd4k's ghost (novice HuAr)
  7892 | D:2      | Noticed Natasha
  7903 | D:2      | Killed Natasha
  8279 | D:7      | Noticed Menkaure
  8288 | D:7      | Killed Menkaure
  8657 | D:7      | Killed H0rd4k's ghost
  8657 | D:7      | Reached ** piety under Okawaru
  8657 | D:7      | Reached skill level 5 in Armour
  8850 | D:8      | Reached skill level 11 in Bows
  8893 | D:8      | Found a basalt altar of Yredelemnul.
  8904 | D:8      | Reached XP level 10. HP: 79/88 MP: 10/10
  8914 | D:8      | Noticed a two-headed ogre
  8986 | D:8      | Killed a two-headed ogre
  8986 | D:8      | Reached *** piety under Okawaru
  8986 | D:8      | Received a gift from Okawaru
  9692 | D:9      | Reached skill level 12 in Bows
  9828 | D:9      | Killed an unseen horror
 10268 | D:9      | Reached **** piety under Okawaru
 10445 | D:10     | Entered Level 10 of the Dungeon
 10488 | D:10     | Reached skill level 13 in Bows
 10532 | D:10     | Found a staircase to the Orcish Mines.
 10567 | D:10     | Reached skill level 10 in Fighting
 10702 | D:10     | Reached XP level 11. HP: 91/99 MP: 11/11
 10864 | D:10     | Gained mutation: You are clumsy. (Dex -2) [potion of mutation]
 10864 | D:10     | Gained mutation: You are somewhat resistant to further mutation. [potion of mutation]
 10864 | D:10     | Gained mutation: You have a beak for a mouth. [potion of mutation]
 10933 | D:10     | Noticed Erolcha
 10946 | D:10     | Killed Erolcha
 10946 | D:10     | Reached ***** piety under Okawaru
 10946 | D:10     | Received a gift from Okawaru
 11113 | D:10     | Found a staircase to the Lair.
 11269 | D:11     | Found Ubauph's Assorted Antiques.
 11324 | D:11     | Found a labyrinth entrance.
 11341 | Lab      | Entered a labyrinth
 12036 | Lab      | Noticed a minotaur
 12062 | Lab      | Killed a minotaur
 12062 | Lab      | Received a gift from Okawaru
 12062 | Lab      | Received a gift from Okawaru
 12062 | Lab      | Reached skill level 1 in Invocations
 12094 | Lab      | Identified the Handbook of Hexes
 12162 | D:11     | Found Ezeil's Book Shop.
 12238 | D:11     | Noticed a two-headed ogre
 12259 | D:11     | Killed a two-headed ogre
 12259 | D:11     | Received a gift from Okawaru
 12259 | D:11     | Reached skill level 14 in Bows
 12581 | D:11     | Found Allumeha's Distillery.
 12586 | D:11     | Found Xeso's Antique Armour Boutique.
 12703 | D:11     | Found Cimoqekh's Gadget Shop.
 13021 | D:5      | Killed imnir's ghost
 13021 | D:5      | Received a gift from Okawaru
 13063 | D:5      | Bought a bronze chain mail for 285 gold pieces
 13063 | D:5      | Bought a warped scale mail for 270 gold pieces
 13063 | D:5      | Identified the +6 chain mail of Luonizu {Regen+ SInv} (You bought it in a shop on level 5 of the Dungeon)
 13064 | D:5      | Identified the +1 scale mail of Ziptim {rF- rC- Regen+ Int+9} (You bought it in a shop on level 5 of the Dungeon)
 13280 | Lair:1   | Entered Level 1 of the Lair of Beasts
 13479 | Lair:1   | Noticed a seven-headed hydra
 13496 | Lair:1   | Killed a seven-headed hydra
 13496 | Lair:1   | Received a gift from Okawaru
 13818 | Lair:1   | Noticed an ice dragon
 14266 | Lair:1   | Killed an ice dragon
 14266 | Lair:1   | Received a gift from Okawaru
 14500 | Lair:2   | Noticed an eight-headed hydra
 14559 | Lair:1   | Killed an eight-headed hydra
 14559 | Lair:1   | Reached XP level 12. HP: 104/110 MP: 15/15
 14899 | Lair:2   | Noticed a seven-headed hydra
 14930 | Lair:2   | Killed a seven-headed hydra
 14930 | Lair:2   | Received a gift from Okawaru
 14930 | Lair:2   | Reached ****** piety under Okawaru
 15044 | Lair:2   | Reached skill level 5 in Invocations
 15408 | Lair:2   | Reached skill level 15 in Bows
 16109 | Lair:2   | Found a staircase to the Snake Pit.
 16390 | Lair:2   | Received a gift from Okawaru
 16633 | Lair:2   | Found a staircase to the Shoals.
 16804 | Lair:2   | Reached XP level 13. HP: 118/118 MP: 18/18
 17114 | Lair:3   | Received a gift from Okawaru
 17882 | Lair:3   | Reached XP level 14. HP: 126/126 MP: 19/19
 18371 | Lair:3   | Reached skill level 16 in Bows
 18774 | Lair:4   | Reached skill level 1 in Crossbows
 18914 | Lair:4   | Noticed Sonja
 19556 | D:12     | Noticed Belius's ghost (novice DEWz)
 19577 | D:12     | Killed Belius's ghost
 19577 | D:12     | Received a gift from Okawaru
 20040 | D:12     | Received a gift from Okawaru
 20040 | D:12     | Reached skill level 5 in Crossbows
 21834 | D:14     | Received a gift from Okawaru
 21927 | D:14     | Reached skill level 17 in Bows
 22013 | D:14     | Received a gift from Okawaru
 22680 | D:14     | Found a gate to the Vaults.
 22744 | D:15     | Entered Level 15 of the Dungeon
 22884 | D:15     | Noticed Kirk's ghost (journeyman FoEE)
 23281 | D:15     | Received a gift from Okawaru
 23282 | D:15     | Got a spiked ring mail {god gift}
 23296 | D:14     | Identified the +0 ring mail of Giysa {rN+ MR+ Int+4} (Okawaru gifted it to you on level 15 of the Dungeon)
 23743 | D:15     | Reached XP level 15. HP: 116/134 MP: 21/21
 23793 | D:15     | Killed Kirk's ghost
 23793 | D:15     | Reached skill level 18 in Bows
 23993 | D:15     | Received a gift from Okawaru
 24342 | D:15     | Found a staircase to the Depths.
 24475 | D:15     | Identified a scroll of acquirement
 24476 | D:15     | Got a scintillating gossamer ring
 24478 | D:15     | Identified the ring of Knowledge {rC- Int+6 Slay+2} (You acquired it on level 15 of the Dungeon)
 25087 | Lair:4   | Killed Sonja
 26518 | Lair:5   | Noticed Orcmeat's ghost (journeyman DEWz)
 26537 | Lair:5   | Killed Orcmeat's ghost
 27266 | Lair:5   | Found a staircase to the Slime Pits.
 27276 | Lair:5   | Received a gift from Okawaru
 27534 | Lair:6   | Entered Level 6 of the Lair of Beasts
 27764 | Lair:6   | Got a translucent brass ring
 27766 | Lair:6   | Identified the ring of the Wild Haggis {rCorr Int+3} (You acquired it on level 6 of the Lair of Beasts)
 27806 | Lair:6   | Reached skill level 10 in Armour
 27920 | Lair:6   | Received a gift from Okawaru
 28147 | Lair:6   | Reached skill level 10 in Crossbows
 28203 | Lair:6   | Reached skill level 19 in Bows
 28929 | Lair:6   | Got a twisted dagger
 28930 | Lair:6   | Identified the cursed +3 dagger of the Reaper {drain, rF+} (You found it on level 6 of the Lair of Beasts)
 29077 | Shoals:1 | Entered Level 1 of the Shoals
 29545 | Shoals:1 | Received a gift from Okawaru
 30213 | Shoals:1 | Noticed Roxanne
 30235 | Shoals:1 | Killed Roxanne
 30303 | Shoals:1 | Reached XP level 16. HP: 134/144 MP: 22/22
 30325 | Shoals:1 | Noticed Josephine
 30328 | Shoals:1 | Killed Josephine
 30328 | Shoals:1 | Received a gift from Okawaru
 30329 | Shoals:1 | Got a jewelled chain mail {god gift}
 30685 | Shoals:1 | Lost mutation: You are somewhat resistant to further mutation. [potion of mutation]
 30685 | Shoals:1 | Lost mutation: You are clumsy. (Dex -2) [potion of mutation]
 30685 | Shoals:1 | Lost mutation: You have a beak for a mouth. [potion of mutation]
 30685 | Shoals:1 | Gained mutation: You have sharp fingernails. [potion of mutation]
 30685 | Shoals:1 | Gained mutation: Your spells are a little harder to cast, but a little more powerful. [potion of mutation]
 30686 | Shoals:1 | Lost mutation: Your spells are a little harder to cast, but a little more powerful. [potion of mutation]
 30686 | Shoals:1 | Lost mutation: You have sharp fingernails. [potion of mutation]
 30686 | Shoals:1 | Gained mutation: You are frail. (-10% HP) [potion of mutation]
 30686 | Shoals:1 | Gained mutation: Your magical capacity is low. (-10% MP) [potion of mutation]
 30686 | Shoals:1 | Gained mutation: You have a pair of small horns on your head. [potion of mutation]
 30737 | Shoals:2 | Reached skill level 20 in Bows
 32286 | Shoals:3 | Received a gift from Okawaru
 33187 | Shoals:4 | Entered Level 4 of the Shoals
 33335 | Shoals:3 | Upgraded the game from 0.21.1-68-g103a7afc0a to 0.21.1-72-gffa868e0fe
 33341 | Shoals:4 | Noticed Kirke
 33388 | Shoals:3 | Killed from afar by a lindwurm

Skill      XL: |  1  2  3  4  5  6  7  8  9 10 11 12 13 14 15 16 |
---------------+-------------------------------------------------+-----
Stealth        | 1 |  1.0
Dodging        | 2 3 4 5 6 |  6.0
Armour         | 1 2 3 4 5 6 9 10 11 | 11.1
Bows           | 6 7 8 9 11 13 14 15 17 19 20 | 20.0
Fighting       | 3 4 5 6 7 10 11 12 13 14 | 14.4
Invocations    | 4 6 7 8 |  8.6
Crossbows      | 9 10 12 | 12.1

Action                   |  1- 3 |  4- 6 |  7- 9 | 10-12 | 13-15 | 16-18 || total
-------------------------+-------+-------+-------+-------+-------+-------++-------
Melee: Short sword       |    84 |    36 |    58 |   294 |   164 |    21 ||   657
       Kick              |    13 |    14 |    52 |    65 |    73 |    10 ||   227
       Dagger            |       |    81 |       |       |       |       ||    81
       Dire flail        |       |       |   216 |       |       |       ||   216
       Peck              |       |       |       |     9 |    45 |       ||    54
       Headbutt          |       |       |       |       |       |     4 ||     4
 Fire: Shortbow          |     9 |    98 |   237 |  1077 |   665 |       ||  2086
       Arbalest          |       |       |       |       |   130 |       ||   130
       Longbow           |       |       |       |       |   892 |   434 ||  1326
Invok: Finesse           |       |       |       |     1 |     1 |       ||     2
Evoke: Wand              |       |       |       |       |     3 |       ||     3
  Use: Scroll            |       |     3 |     9 |    12 |    11 |     1 ||    36
       Potion            |       |       |    10 |    13 |     3 |     3 ||    29
  Eat: Chunk             |     1 |     5 |     8 |    11 |    24 |     9 ||    58
       Ration            |       |       |     2 |     3 |     3 |       ||     8
Armor: Leather armour    |    60 |       |       |       |       |       ||    60
       Ring mail         |     2 |    62 |       |       |       |       ||    64
       Skin              |       |    20 |       |       |       |     3 ||    23
       Chain mail        |       |    15 |   361 |   764 |   806 |   227 ||  2173
Dodge: Dodged            |    46 |    66 |   129 |   203 |   221 |    76 ||   741
